 Dungeon Crawl Stone Soup version 0.18-a0-1593-g7a89b71 (webtiles) character file.

135 Geeful the Changer (level 5, 0/33 HPs)
             Began as an Octopode Transmuter on Mar 20, 2016.
             Slain by Grinder (6 damage)
             ... while paralysed by Grinder
             ... on level 3 of the Dungeon.
             The game lasted 00:07:36 (3602 turns).

Geeful the Changer (Octopode Transmuter)            Turns: 3602, Time: 00:07:37

Health: 0/33       AC:  2    Str: 15    XL:     5   Next: 18%
Magic:  8/10       EV:  5    Int: 15    God:
Gold:   229        SH:  0    Dex: 18    Spells: 2 memorised, 7 levels left

rFire  + . .     SeeInvis .       - Unarmed
rCold  + . .     Gourm    .     (shield currently unavailable)
rNeg   . . .     Faith    .     (helmet currently unavailable)
rPois  .         Spirit   .     (no amulet)
rElec  +         Dismiss  .     (no ring)
rCorr  +         Reflect  .     (no ring)
SustAt .         Harm     .     (no ring)
MR     .....                    (no ring)
Stlth  ++........               (no ring)
                                (no ring)
                                (no ring)
                                (no ring)

@: paralysed, mighty, spider-form (expiring), resistant, not resistant to
hostile enchantments, unstealthy
A: almost no armour, (amphibious), 8 rings, (constrict 8), (camouflage 0),
(gelatinous body 0)
a: End Transformation


You were on level 3 of the Dungeon.
You were near starving.
You were a venomous arachnid creature.
You visited 1 branch of the dungeon, and saw 3 of its levels.

You collected 229 gold pieces.

Inventory:

Missiles
 a - 74 arrows
 k - 18 poisoned needles
Magical Staves
 m - an uncursed staff of fire
Scrolls
 e - 2 scrolls of recharging
 h - a scroll of immolation
 i - 4 scrolls of teleportation
 q - 3 scrolls of remove curse
Potions
 f - a potion of flight
Books
 b - a book of Changes

   Spells                             Type                      Level
   a - Beastly Appendage              Transmutation                1
   b - Sticks to Snakes               Transmutation                2
   c - Spider Form                    Transmutation/Poison         3
   d - Ice Form                       Ice/Transmutation            4
   e - Blade Hands                    Transmutation                5
Comestibles
 c - 3 bread rations
 n - a meat ration
 p - a beef jerky


   Skills:
 - Level 1.0 Fighting
 - Level 2.0 Dodging
 - Level 3.0 Unarmed Combat
 + Level 3.5 Spellcasting
 + Level 4.0 Transmutations


You had 7 spell levels left.
You knew the following spells:

 Your Spells              Type           Power        Failure   Level  Hunger
a - Beastly Appendage     Trmt           ##....       14%         1    None
b - Spider Form           Trmt/Pois      #.........   52%         3    ###....


Dungeon Overview and Level Annotations

Branches:
Dungeon (3/15)

Altars:

Annotations:
D:3 Grinder


Innate Abilities, Weirdness & Mutations

You cannot wear most types of armour.
((You are amphibious.))
You can wear up to eight rings at the same time.
((You can use your tentacles to constrict eight enemies at once.))
((Your skin changes colour to match your surroundings (Stealth).))
((Your rubbery body absorbs attacks (AC +1).))


Message History

Grinder is lightly wounded.
Grinder barely misses you.
You hit Grinder.
Grinder is moderately wounded.
Grinder hits you.
* * * LOW HITPOINT WARNING * * *
You writhe in agony.
* * * LOW HITPOINT WARNING * * *
Drink which item? (? for menu, Esc to quit)
It was a potion of might.
You feel very mighty all of a sudden. Grinder completely misses you.
Drink which item? (? for menu, Esc to quit)
It was a potion of curing.
You feel better. Grinder gestures at you.
You suddenly lose the ability to move!
Grinder hits you.
* * * LOW HITPOINT WARNING * * *
You writhe in agony.
You die...

.# ##### #.......##....# #... .#
#...# #.......##....# #... .#
#...# #.......####### ####
.####...# ######### .##.....#
###### .##.....# ......###
.##.....# ###### #............
###.....#####....####............
...............5s'...............
#.#.....#####....####............
#.#.....# #....# .......###
..#.....# #....# ......###
###.....# #....# ##^......
#.....# #....# #....... #.....#
###### #....... ##'#### #.......
####.######## #.......


You could see Grinder.

Vanquished Creatures
  A howler monkey (D:3)
  An adder (D:3)
  A gnoll (D:1)
  3 worms
  2 dart slugs (D:1)
  2 giant geckos (D:2)
  5 orcs (D:3)
  2 giant cockroaches
  7 goblins
  4 hobgoblins
  4 jackals (D:2)
  11 kobolds
  A quokka (D:3)
  A ball python (D:2)
  7 bats
  A giant newt (D:1)
  7 rats
60 creatures vanquished.

Notes
Turn   | Place    | Note
--------------------------------------------------------------
     0 | D:1      | Geeful the Octopode Transmuter began the quest for the Orb.
     0 | D:1      | Reached XP level 1. HP: 13/13 MP: 3/3
   192 | D:1      | Reached XP level 2. HP: 15/18 MP: 5/5
   533 | D:1      | Reached XP level 3. HP: 5/23 MP: 4/6
  1267 | D:2      | Reached skill level 3 in Transmutations
  1783 | D:2      | Learned a level 3 spell: Spider Form
  2071 | D:2      | Reached XP level 4. HP: 15/28 MP: 6/8
  2576 | D:3      | Noticed Grinder
  2706 | D:3      | Reached XP level 5. HP: 33/33 MP: 5/10
  2910 | D:3      | Reached skill level 4 in Transmutations
  3591 | D:3      | Paralysed by Grinder for 4 turns
  3601 | D:3      | Paralysed by Grinder for 5 turns
  3602 | D:3      | Slain by Grinder

Vault maps used:
D:1:      dpeg_arrival_simpleton_c
D:2:      first_bread, patterned_corridor
D:3:      uniq_grinder

Skill      XL: |  1  2  3  4  5 |
---------------+----------------+-----
Transmutations | 3 4 |  4.0
Spellcasting   | 3 |  3.5
Fighting       | |  1.0
Dodging        | |  2.0
Unarmed Combat | |  3.0

Action                   |  1- 3 |  4- 6 || total
-------------------------+-------+-------++-------
Melee: Unarmed           |    85 |    56 ||   141
 Cast: Beastly Appendage |     7 |       ||     7
       Spider Form       |     2 |     6 ||     8
  Use: Scroll            |       |     5 ||     5
       Potion            |       |     3 ||     3
 Stab: Sleeping          |     6 |     1 ||     7
  Eat: Chunk             |     3 |     5 ||     8
